 Dungeon Crawl Stone Soup version 0.31-a0-222-gefeffbb62a (webtiles) character file.

Game seed: 13943806593142148522

63 qw the Shooter (level 3, -4/29 HPs)
             Began as a Minotaur Hexslinger on July 5, 2023.
             Slain by Grinder (6 damage)
             ... while paralysed by Grinder
             ... on level 3 of the Dungeon.
             The game lasted 00:00:37 (1903 turns).

qw the Shooter (Minotaur Hexslinger)                Turns: 1903, Time: 00:00:38

Health: -4/29      AC:  5    Str: 12    XL:     3   Next: 89%
Magic:  3/3        EV:  2    Int: 10    God:
Gold:   151        SH:  0    Dex: 14    Spells: 3/4 levels left

rFire   . . .        Y - +2 sling
rCold   . . .        (no shield)
rNeg    . . .        d - +0 ring mail
rPois   .            (helmet restricted)
rElec   .            (no cloak)
rCorr   .            (no gloves)
SInv    .            (no boots)
Will    .....        (no amulet)
Stlth   +            (no ring)
HPRegen 0.24/turn    (no ring)
MPRegen 0.08/turn

%: no passive effects
@: paralysed
A: horns 2, retaliatory headbutt
a: no special abilities


You were on level 3 of the Dungeon.
You visited 1 branch of the dungeon, and saw 3 of its levels.

You collected 151 gold pieces.


Innate Abilities, Weirdness & Mutations

You have a pair of horns on your head.
You reflexively headbutt those who attack you in melee.


   Skills:
 - Level 2.0 Fighting
 + Level 4.2 Ranged Weapons
 - Level 1.0 Armour
 - Level 2.1 Dodging
 - Level 1.0 Spellcasting
 - Level 2.0 Hexes


You had 3 spell levels left.
You knew the following spells:

 Your Spells              Type           Power      Damage    Failure   Level
a - Slow                  Hex            16%        N/A       34%         1

Your spell library contained the following spells:

 Spells                   Type           Power      Damage    Failure   Level
 Inner Flame              Hex/Fire       2%         N/A       83%         3
 Portal Projectile        Hex/Tloc       4%         N/A       83%         3
 Cause Fear               Hex            2%         N/A       98%         4

Inventory:

Hand Weapons
 Y - a +2 sling (weapon)
Armour
 d - a +0 ring mail (worn)
Jewellery
 m - a +4 ring of protection
Scrolls
 b - 2 scrolls of fog {unknown}
 i - a scroll of silence {unknown}
 k - a scroll of teleportation
Potions
 a - a potion of haste {unknown}
 c - 2 potions of cancellation {unknown}
 e - a potion of mutation {unknown}
 f - 4 potions of curing
 g - a potion of brilliance {unknown}
 h - a potion of attraction {unknown}
 j - 2 potions of might {unknown}
 l - a potion of lignification {unknown}

Dungeon Overview and Level Annotations

Branches:
Dungeon (3/15)

Altars:
Fedhas

Shops:
D:2 =

Annotations:
D:3 Grinder


Message History

You shoot a sling bullet.
The sling bullet barely misses the worm.
You shoot a sling bullet. The sling bullet hits the worm.
You kill the worm!
Grinder comes into view.
Found a stone staircase leading up.
Grinder shouts!
A ball python comes into view.
Enter note:
Enter note:
Enter note:
Enter note:
Enter note:
Enter note:
Enter note:
Enter note:
Enter note: You shoot a sling bullet.
The ball python hisses angrily.
The sling bullet hits Grinder.
Grinder is lightly wounded.
You shoot a sling bullet. The sling bullet hits Grinder.
Grinder is lightly wounded.
Grinder gestures at you.
You suddenly lose the ability to move!
Grinder hits you but does no damage. Grinder hits you. Grinder hits you.
You can move again.
You shoot a sling bullet. The sling bullet hits Grinder.
Grinder is moderately wounded.
Grinder hits you.
You writhe in agony.
You shoot a sling bullet. The sling bullet hits Grinder.
Grinder is moderately wounded.
Grinder gestures at you.
You suddenly lose the ability to move!
Grinder hits you! Grinder hits you but does no damage. Grinder hits you.
You die...

###.............##..
............<....+..
................##..
#....................
#....................
..##.##.#.#.######.#.#..
......#.###.######.#.#..
#...%....# #.....##.#
...........###.....##.#
....####...........####


You could see Grinder and a ball python.

Vanquished Creatures
  An adder (D:2)
  2 worms
  2 dart slugs (D:3)
  An orc (D:3)
  3 ball pythons
  3 bats
  7 endoplasms
  2 giant cockroaches
  3 goblins
  3 hobgoblins
  2 quokkas
  2 frilled lizards (D:1)
  7 kobolds
  5 rats
43 creatures vanquished.

Notes
Turn   | Place    | Note
-------+----------+-------------------------------------------
     0 | D:1      | qw the Minotaur Hexslinger began the quest for the Orb.
     0 | D:1      | Reached XP level 1. HP: 16/16 MP: 1/1
     0 | D:1      | 0 ||| qw: Version: 0.3-a-46-gb1f654a
     0 | D:1      | 0 ||| qw: Game counter: 1043
     0 | D:1      | 0 ||| qw: Melee chars always use a shield: true
     0 | D:1      | 0 ||| qw: God list: Okawaru
     0 | D:1      | 0 ||| qw: Allow faded altars: false
     0 | D:1      | 0 ||| qw: Do Orc after clearing Dungeon:15 true
     0 | D:1      | 0 ||| qw: Do second Lair branch before Depths: true
     0 | D:1      | 0 ||| qw: Lair rune preference: random
     0 | D:1      | 0 ||| qw: Goals: Normal
     0 | D:1      | 0 ||| PLANNING D:1-11
   275 | D:1      | Reached skill level 3 in Ranged Weapons
   449 | D:1      | Reached XP level 2. HP: 23/23 MP: 2/2
   764 | D:1      | 764 ||| READING scroll labelled VUILING HIES.
   765 | D:1      | 765 ||| READING scroll labelled HIMEHUHAQO.
   766 | D:1      | 766 ||| DRINKING 2 sedimented golden potions.
   767 | D:1      | 767 ||| DRINKING 2 metallic grey potions.
   768 | D:1      | 768 ||| DROPPING scroll of poison.
   769 | D:1      | 769 ||| DROPPING potion of invisibility.
   956 | D:2      | Reached XP level 3. HP: 29/29 MP: 3/3
  1102 | D:2      | Found Rinkoq's Jewellery Boutique.
  1110 | D:2      | 1110 ||| SHOPLISTING +6 ring of dexterity (468 gold, have
                  | 52).
  1110 | D:2      | 1110 ||| SHOPLISTING +6 ring of strength (468 gold, have
                  | 52).
  1110 | D:2      | 1110 ||| SHOPLISTING amulet of reflection (390 gold, have
                  | 52).
  1110 | D:2      | 1110 ||| SHOPLISTING ring "Ongoyz" {rN+ rCorr MP+9} (478
                  | gold, have 52).
  1110 | D:2      | 1110 ||| SHOPLISTING ring of see invisible (195 gold, have
                  | 52).
  1275 | D:2      | Identified the +5 dagger of the Lettuce {antimagic, rPois
                  | rN+ Str-5}
  1463 | D:2      | Reached skill level 4 in Ranged Weapons
  1523 | D:2      | 1523 ||| UPGRADING to +0 ring mail.
  1533 | D:2      | 1533 ||| DROPPING +0 robe.
  1534 | D:2      | 1534 ||| READING scroll labelled XEPNIBB LIWK.
  1585 | D:2      | 1585 ||| READING scroll labelled QIDGHEH GARY.
  1586 | D:2      | 1586 ||| READING scroll labelled QEBAVURCHAL.
  1587 | D:2      | 1587 ||| READING scroll labelled EKHAIM COUXUL.
  1709 | D:3      | Found a blossoming altar of Fedhas.
  1837 | D:3      | Reached skill level 1 in Armour
  1892 | D:3      | Noticed Grinder
  1894 | D:3      | Paralysed by Grinder for 5 turns
  1900 | D:3      | Paralysed by Grinder for 4 turns
  1901 | D:3      | HP: 2/29 [Grinder (7)]
  1903 | D:3      | Slain by Grinder

Levels and vault maps discovered:
D:1:      ncdulo_wetmaze, layout_loops_corners, st_stairs_1, bh_walls_and_bars
D:2:      layout_loops_ring, serial_shops, nicolae_shop_tiny_glass,
          minmay_strange_pillars
D:3:      layout_basic, fedhas_ov_isle_minmay, uniq_grinder

Skill      XL: |  1  2  3 |
---------------+----------+-----
Ranged Weapons | 3 4 |  4.2
Fighting       | 2 |  2.0
Armour         | 1 |  1.0
Dodging        | |  2.1
Spellcasting   | |  1.0
Hexes          | |  2.0

Action                     || total
---------------------------++-------
   Fire: Sling             ||   131
    Use: Scroll            ||     6
         Potion            ||     2
 Armour: Robe              ||     7
         Ring mail         ||     4
  Dodge: Dodged            ||    26

Table legend:
 A = Non-vault XP
 B = Vault XP
 C = Vault XP percentage of total XP
 D = Non-vault monster count
 E = Vault monster count
 F = Vault count percentage of total count
                 A         B        C        D         E       F
            +---------+---------+-------+---------+---------+-------
      Total |      86 |       5 |   5.5 |      40 |       3 |   7.0
            +---------+---------+-------+---------+---------+-------
        D:1 |      17 |       5 |  22.7 |      11 |       3 |  21.4
        D:2 |      48 |       0 |   0.0 |      21 |       0 |   0.0
        D:3 |      21 |       0 |   0.0 |       8 |       0 |   0.0
            +---------+---------+-------+---------+---------+-------
